Map: Curious Minds LE

Players

Classic - Winner!

  • Race: Protoss Protoss

ByuN

  • Race: Terran Terran

Event: DreamHack SC2 Masters Last Chance 2022

VOD

Have the link to the VOD?

Description

Time

  • Played on: Dec. 15, 2021, 4:36 a.m.
  • Length: 13:55

All games in this series

Show
View Real Time Build Order
Export as new Build Order

Classic Protoss - Winner!

Build Orders: 1 Gate Expand, Blink Stalkers 

Get SALT Encoding   

  12  0:00  Probe  
  13  0:12  Probe  
  14  0:17  Pylon  
  14  0:24  Probe (Chrono Boost)  
  15  0:36  Gateway, Probe (Chrono Boost)  
  16  0:44  Probe (Chrono Boost)  
  16  0:46  Assimilator  
  17  0:51  Probe  
  18  1:03  Probe  
  19  1:15  Probe  
  20  1:24  Cybernetics Core  
  20  1:32  Nexus  
  20  1:39  Pylon  
  20  1:42  Probe  
  21  1:48  Assimilator  
  21  1:54  Probe  
  21  1:57  Stalker (Chrono Boost)  
  24  2:03  Warp Gate  
  24  2:07  Probe  
  24  2:19  Probe  
  24  2:20  Stalker  
  27  2:32  Twilight Council, Probe  
  28  2:45  Probe x2 (Chrono Boost)  
  30  2:54  Stalker, Probe x2 (Chrono Boost)  
  34  2:59  Probe x2 (Chrono Boost)  
  34  3:04  Blink (Chrono Boost)  
  36  3:11  Probe x2  
  38  3:23  Probe x2  
  38  3:25  Gateway  
  40  3:30  Robotics Facility  
  40  3:35  Pylon  
  40  3:37  Probe x2  
  42  3:42  Assimilator  
  42  3:46  Assimilator  
  42  3:49  Probe x2  
  42  3:53  Stalker  
  46  3:59  Pylon  
  46  4:01  Probe x2  
  48  4:13  Probe  
  48  4:14  Probe  
  50  4:17  Observer  
  50  4:19  Stalker x2  
  52  4:35  Probe x2  
  54  4:46  Nexus  
  54  4:47  Probe  
  54  4:50  Pylon  
  54  4:52  Observer  
  56  4:57  Stalker  
  56  4:58  Stalker  
  56  4:59  Observer  
  60  5:02  Probe  
  60  5:03  Probe  
  62  5:11  Charge  
  62  5:13  Templar Archives  
  62  5:14  Probe  
  62  5:15  Probe  
  64  5:26  Probe  
  64  5:27  Probe  
  65  5:29  Gateway  
  65  5:32  Gateway  
  65  5:37  Psionic Storm  
  65  5:39  Probe x2  
  65  5:41  Forge  
  67  5:51  Probe x2  
  67  5:55  Gateway  
  67  5:56  Gateway  
  69  5:58  High Templar  
  69  5:59  High Templar  
  73  6:05  Probe x2  
  73  6:06  Probe  
  76  6:12  Pylon  
  76  6:16  Protoss Ground Weapons Level 1  
  76  6:17  Probe  
  76  6:18  Probe x2  
  79  6:21  Immortal (Chrono Boost)  
  83  6:27  Pylon  
  83  6:29  Probe  
  83  6:30  Probe x2  
  86  6:34  Pylon  
  86  6:37  Pylon  
  86  6:38  High Templar x2  
  90  6:42  Probe  
  90  6:44  Assimilator  
  91  6:47  Pylon  
  91  6:48  Assimilator  
  91  6:55  Gateway  
  91  6:56  Warp Prism (Chrono Boost), Gateway  
  93  7:01  Photon Cannon  
  93  7:07  High Templar  
  93  7:08  High Templar  
  97  7:11  Probe x3  
  97  7:15  Pylon  
  100  7:20  Pylon  
  100  7:23  Zealot x4  
  100  7:27  Immortal (Chrono Boost)  
  112  7:34  Robotics Facility, Robotics Bay  
  111  7:39  Stalker  
  109  7:54  Stalker x3  
  109  7:55  Stalker  
  117  7:59  Zealot x3  
  117  8:02  Pylon  
  117  8:03  Pylon  
  123  8:08  Protoss Ground Weapons Level 2 (Chrono Boost)  
  123  8:09  Pylon  
  124  8:17  Observer (Chrono Boost)  
  123  8:22  Forge  
  129  8:31  Colossus (Chrono Boost)  
  129  8:32  Colossus (Chrono Boost)  
  135  8:41  Extended Thermal Lance  
  135  8:48  Zealot x8  
  147  8:52  Pylon  
  151  8:58  Protoss Ground Armor Level 1 (Chrono Boost)  
  151  8:59  Nexus  
  151  9:05  Pylon  
  151  9:07  Pylon  
  151  9:12  Colossus (Chrono Boost)  
  151  9:15  Sentry  
  159  9:22  Colossus (Chrono Boost)  
  165  9:28  Zealot  
  165  9:31  Pylon  
  167  9:33  High Templar  
  167  9:34  Stalker, High Templar  
  167  9:36  Zealot x2  
  177  9:47  Zealot x2  
  177  9:51  Warp Prism (Chrono Boost)  
  177  9:54  Pylon  
  179  10:01  Archon  
  179  10:02  Stalker x3  
  179  10:03  Stalker  
  179  10:04  Observer (Chrono Boost)  
  179  10:24  Zealot x4  
  179  10:25  Zealot x3  
  179  10:26  Zealot  
  195  10:38  Protoss Ground Weapons Level 3 (Chrono Boost)  
  135  10:53  Colossus x2 (Chrono Boost)  
  135  10:55  Archon  
  95  11:07  High Templar  
  95  11:08  Zealot x4, Protoss Ground Armor Level 2 (Chrono Boost), High Templar x3  
  103  11:15  Gateway  
  103  11:17  Gateway  
  97  11:20  Probe x3  
  97  11:21  Probe  
  97  11:23  Assimilator  
  97  11:24  Assimilator  
  101  11:32  Zealot x4, Probe  
  108  11:36  Colossus (Chrono Boost)  
  108  11:37  Colossus (Chrono Boost)  
  110  11:42  Probe x2  
  110  11:43  Probe  
  110  11:44  Probe  
  126  11:47  Sentry  
  128  11:55  Stalker x4  
  136  12:02  Stalker x3  
  142  12:20  Warp Prism (Chrono Boost)  
  142  12:23  Nexus  
  142  12:26  High Templar x2  
  151  12:30  Disruptor (Chrono Boost)  
  151  12:32  Stalker x2  
  151  12:33  Stalker  
  157  12:37  Zealot x2  
  157  12:38  Zealot  
  163  12:46  Gravitic Drive  
  163  13:00  High Templar  
  163  13:01  High Templar  
  163  13:02  Zealot x5, High Templar x2  
  163  13:03  Zealot  
  163  13:05  Archon  
  183  13:06  Archon  
  183  13:12  Disruptor  
  183  13:15  Disruptor  
  183  13:18  Pylon  
  189  13:32  Archon  
  185  13:39  Archon x2  
  141  13:52  Zealot x3, High Templar x2  
  141  13:53  Zealot x5  
Show
View Real Time Build Order
Export as new Build Order

ByuN Terran 

Build Orders:  

Get SALT Encoding   

  12  0:00  SCV  
  13  0:12  SCV  
  14  0:17  Supply Depot  
  14  0:24  SCV  
  15  0:39  SCV, Barracks  
  16  0:44  Refinery  
  16  0:51  SCV  
  16  0:54  Refinery  
  17  1:03  SCV  
  18  1:15  SCV  
  20  1:25  Reaper  
  20  1:27  Orbital Command  
  20  1:42  Factory  
  20  1:49  Supply Depot  
  20  1:53  SCV  
  21  2:05  SCV  
  22  2:17  SCV  
  22  2:22  Command Center  
  23  2:26  Widow Mine  
  23  2:29  SCV  
  26  2:36  Starport  
  26  2:40  Barracks Reactor  
  26  2:42  SCV  
  27  2:49  Supply Depot  
  27  2:53  Widow Mine  
  27  2:55  SCV  
  30  3:07  SCV  
  31  3:14  Widow Mine  
  31  3:18  Medivac  
  31  3:19  SCV, Marine  
  35  3:20  Marine  
  35  3:25  Supply Depot  
  37  3:31  SCV  
  38  3:37  Factory Tech Lab  
  38  3:39  Marine  
  38  3:40  Marine  
  40  3:43  SCV  
  40  3:47  Bunker  
  41  3:50  Orbital Command  
  41  3:55  SCV  
  41  3:59  Marine  
  41  4:00  Marine  
  41  4:02  Raven, Factory Tech Lab  
  46  4:08  SCV  
  47  4:12  Barracks  
  47  4:15  SCV  
  48  4:18  Marine  
  48  4:19  Marine  
  48  4:21  SCV  
  51  4:27  SCV  
  50  4:31  Siege Tank  
  50  4:33  SCV  
  50  4:37  Marine x2  
  50  4:39  SCV  
  50  4:43  Refinery  
  50  4:45  SCV  
  52  4:47  Supply Depot, Engineering Bay  
  52  4:52  SCV  
  53  4:55  Marine x2  
  53  4:57  SCV  
  53  4:59  Barracks  
  56  5:04  SCV  
  56  5:06  Siege Tank  
  60  5:08  Marine  
  60  5:09  Stimpack  
  60  5:12  Terran Infantry Weapons Level 1  
  61  5:14  Supply Depot  
  61  5:16  Marine  
  61  5:18  Marine  
  64  5:22  SCV x2  
  64  5:26  Starport Reactor  
  65  5:29  Marauder  
  65  5:30  Refinery  
  65  5:34  SCV  
  65  5:35  SCV  
  69  5:36  Supply Depot  
  69  5:37  Marine x2  
  71  5:46  SCV  
  71  5:47  SCV  
  73  5:51  Marauder  
  73  5:55  Marine  
  76  5:58  Combat Shield  
  76  5:59  Marauder, Supply Depot, SCV x2  
  80  6:10  Medivac x2  
  84  6:15  Supply Depot  
  84  6:19  Marine  
  83  6:26  Marauder x2  
  83  6:30  Command Center  
  87  6:34  Supply Depot  
  87  6:37  Marine x2  
  87  6:39  SCV  
  90  6:40  SCV  
  90  6:42  Barracks x2  
  90  6:44  Medivac  
  90  6:46  Medivac  
  95  6:48  Concussive Shells  
  95  6:52  Marauder x2  
  99  6:57  Marine x2  
  99  6:59  SCV x2  
  103  7:03  Supply Depot  
  103  7:11  SCV  
  108  7:15  Marauder  
  108  7:16  Marauder, Marine x2  
  110  7:25  Medivac x2  
  110  7:28  SCV x2  
  116  7:31  Terran Infantry Armor Level 1  
  116  7:32  Supply Depot x2  
  116  7:37  Barracks Reactor, Barracks Tech Lab  
  116  7:38  Marauder  
  116  7:41  Marine x2  
  116  7:42  Marauder  
  122  7:49  SCV  
  122  7:50  SCV  
  122  7:51  Ghost Academy  
  119  7:57  Viking  
  119  7:58  Viking  
  123  7:59  Supply Depot  
  123  8:01  SCV  
  123  8:02  SCV  
  125  8:08  Marauder x2  
  125  8:09  Marauder  
  131  8:15  SCV x2  
  131  8:16  Marine x2  
  131  8:19  Marine x2  
  137  8:23  Orbital Command  
  137  8:33  SCV x2  
  136  8:37  Viking  
  136  8:38  Viking  
  140  8:45  SCV  
  140  8:48  Ghost x3  
  143  8:50  SCV x2  
  143  8:54  Refinery x2  
  149  8:57  Marine x4  
  149  9:01  Supply Depot x2  
  153  9:03  Enhanced Shockwaves  
  153  9:06  SCV x2  
  153  9:07  SCV  
  156  9:16  Marine  
  157  9:22  SCV, Marine x2, Ghost x2  
  157  9:23  Ghost  
  166  9:28  Marine  
  166  9:29  Supply Depot  
  167  9:36  SCV x3, Viking  
  172  9:38  Supply Depot  
  172  9:39  Supply Depot  
  172  9:43  Viking  
  171  9:51  Marauder x2  
  171  9:52  Marauder, Marine x4  
  180  10:06  Sensor Tower  
  180  10:09  Command Center  
  180  10:11  Viking  
  180  10:13  Marauder x2  
  180  10:14  Marauder  
  188  10:20  Viking  
  187  10:30  Missile Turret  
  187  10:31  SCV  
  187  10:32  SCV x2, Sensor Tower  
  190  10:37  Missile Turret  
  190  10:41  Viking  
  189  10:45  Marauder x3  
  162  10:56  Marine  
  113  10:57  Marine x3  
  113  10:58  SCV x2  
  97  11:06  Marauder, SCV  
  97  11:07  Marauder x2  
  97  11:10  SCV x2  
  96  11:14  Marine  
  96  11:15  Marine x3  
  96  11:18  SCV, Viking x2  
  103  11:26  SCV x2  
  103  11:27  Ghost x2  
  103  11:30  SCV  
  103  11:31  Ghost  
  112  11:35  Refinery, Marine x2  
  112  11:36  Marine x2  
  116  11:46  SCV x3  
  119  11:50  Planetary Fortress  
  119  11:53  Marine x3  
  122  11:54  Marine  
  122  11:56  Marauder  
  122  11:57  Marauder, Viking x2  
  122  11:59  SCV x3  
  122  12:00  Marauder  
  136  12:07  Armory  
  136  12:09  Engineering Bay  
  136  12:10  Missile Turret  
  136  12:11  SCV x3  
  136  12:13  Marine x4  
  143  12:20  Ghost x2  
  143  12:21  Ghost  
  149  12:24  SCV x3  
  149  12:29  Viking  
  154  12:30  Sensor Tower  
  154  12:32  Viking  
  156  12:41  Refinery x2  
  156  12:43  SCV x2  
  159  12:51  Marauder x2  
  159  12:52  Marauder, Marine x3  
  159  12:58  Missile Turret  
  166  12:59  Viking  
  166  13:02  Viking  
  170  13:12  Marine x2  
  173  13:13  Marauder x3  
  173  13:15  Marine x2  
  180  13:21  Sensor Tower  

Tags
 
Add a new tag
Caveats
  • Supply blocks, unpowered buildings, or Contaminate may cause inaccurate times.
  • Supply counts are checked every 10 seconds.